 Dungeon Crawl Stone Soup version 0.26.1-11-gd32895ea62 (webtiles) character file.

Game seed: 9618599450927490796

3745 pascalblue the Thaumaturge (level 9, -10/45 HPs)
             Began as a Deep Elf Earth Elementalist on May 28, 2021.
             Was a Follower of Sif Muna.
             Killed from afar by a deep elf mage (52 damage)
             ... with a bolt of fire
             ... on level 9 of the Dungeon.
             The game lasted 00:31:50 (10698 turns).

pascalblue the Thaumaturge (DEEE)                  Turns: 10698, Time: 00:31:51

Health: -10/45     AC:  8    Str:  5    XL:     9   Next: 93%
Magic:  8/26       EV: 13    Int: 24    God:    Sif Muna [*.....]
Gold:   498        SH:  0    Dex: 15    Spells: 22/31 levels left

rFire    x . .     SeeInvis .   m - +4 quarterstaff (chaos)
rCold    + . .     Faith    .   (shield currently unavailable)
rNeg     . . .     Spirit   .   y - +0 robe
rPois    .         Reflect  .   q - +0 helmet
rElec    .         Harm     .   j - +0 cloak
rCorr    .         Rampage  .   i - +2 pair of gloves
Will     .....                  k - +0 pair of boots
Stlth    ++........             (no amulet)
HPRegen  0.15/turn              w - ring of ice
MPRegen  0.20/turn              (no ring)

@: lethally poisoned (-10 -> -11)
A: no striking features
a: Renounce Religion, Channel Magic


You were on level 9 of the Dungeon.
You worshipped Sif Muna.
Sif Muna was aware of your devotion.
You visited 2 branches of the dungeon, and saw 10 of its levels.

You collected 498 gold pieces.

Inventory:

Hand Weapons
 e - a +0 club
 f - a +1 flail of protection
 h - a +2 hand axe of pain
 m - a +4 quarterstaff of chaos (weapon)
 n - a +3 halberd
Missiles
 b - 105 stones
 l - 99 sling bullets
 r - 26 poisoned darts
 E - 6 curare-tipped darts
Armour
 c - a +0 robe
 i - a +2 pair of gloves (worn)
 j - a +0 cloak (worn)
 k - a +0 pair of boots (worn)
 q - a +0 helmet (worn)
 y - a +0 robe (worn)
Jewellery
 d - an uncursed amulet of guardian spirit
 w - a ring of ice (left hand)
Wands
 t - a wand of random effects (38)
 x - a wand of acid (16)
 H - a wand of enslavement (14)
 I - a wand of flame (11)
Scrolls
 a - a scroll of fog
 o - 2 scrolls of remove curse
 p - a scroll of magic mapping
 s - a scroll of identify
 G - a scroll of teleportation
Potions
 g - 2 potions of brilliance
 u - 3 potions of flight
 v - 2 potions of ambrosia
 z - 4 potions of resistance
 A - a potion of curing
 B - a potion of attraction
 C - a potion of lignification
 D - a potion of cancellation
 F - a potion of invisibility


   Skills:
 - Level 2.4 Dodging
 - Level 2.4 Stealth
 * Level 11.8 Spellcasting
 + Level 6.5 Conjurations
 - Level 1.1 Transmutations
 * Level 10.3 Earth Magic
 + Level 2.1 Invocations


You had 22 spell levels left.
You knew the following spells:

 Your Spells              Type           Power        Failure   Level
a - Sandblast             Erth           100%         1%          1
b - Stone Arrow           Conj/Erth      100%         1%          3
c - Lee's Rapid Deconstr  Erth           29%          1%          5

Your spell library contained the following spells:

 Spells                   Type           Power        Failure   Level
 Foxfire                  Conj/Fire      100%         1%          1
 Shock                    Conj/Air       100%         1%          1
 Passwall                 Tmut/Erth      34%          1%          2
 Sting                    Tmut/Pois      64%          3%          1
 Conjure Flame            Conj/Fire      29%          3%          3
 Static Discharge         Conj/Air       29%          3%          3
 Petrify                  Tmut/Erth      41%          4%          4
 Mephitic Cloud           Conj/Pois/Air  24%          5%          3
 Poisonous Vapours        Pois/Air       28%          7%          2
 Swiftness                Air            14%          7%          2
 Ignite Poison            Fire/Tmut/Pois 15%          12%         3
 Sticky Flame             Conj/Fire      29%          12%         4
 Inner Flame              Hex/Fire       14%          13%         3
 Fireball                 Conj/Fire      14%          32%         5
 Lightning Bolt           Conj/Air       14%          32%         5
 Airstrike                Air            7%           41%         4
 Olgreb's Toxic Radiance  Pois           14%          41%         4


Dungeon Overview and Level Annotations

Branches:
Dungeon (9/15)             Temple (1/1) D:7
   Lair: D:8-11         Orc: D:9-12

Altars:
Dithmenos
Elyvilon
Hepliaklqana
Kikubaaqudgha
Makhleb
Nemelex Xobeh
Qazlal
Ru
Sif Muna
Uskayaw
Vehumet
Wu Jian
Yredelemnul
Zin
The Shining One

Shops:
D:5 =   D:8 (:

Annotations:
D:8 2 runed translucent doors, eooof's ghost, novice DrMo


Message History

The blast of rock fragments hits the swamp drake!
You kill the swamp drake!
Sif Muna accepts your kill.
You hear a shout!
A deep elf mage opens the door.
Something unseen opens the door.
Found a hardcover book.
Casting: Lee's Rapid Deconstruction (dangerous; 1% risk of failure)
Confirm with . or Enter, or press ? or * to list all spells.
Aiming: Lee's Rapid Deconstruction (dangerous; 1% risk of failure)
Press: ? - help, Dir - move target A rock wall.
The wall shatters!
The blast of rock fragments hits the deep elf mage!!
The deep elf mage is heavily wounded.
You feel sick.
A deep elf mage comes into view. It is wielding a +0 rapier.
The deep elf mage gestures at you while chanting.
The bolt of fire hits you!!! The fire burns you terribly!
Ouch! That really hurt!
You die...

### ..# #.# #######
#.### :e..e ....#
###†'### #†#.#
###......### #>#)#
#.'...@..'.#
..#.#########......###
##.).....####......###
......##.##.'......'.#
.#..#.##.####.[[...###
.#....##.######)'######
.#.##.##...)..)[.......
.#.##.##..).).)).......
.................######


You could see 2 deep elf magi.

Vanquished Creatures
  Prince Ribbit (D:8)
  Edmund (D:4)
  3 orc warriors
  A swamp drake (D:9)
  A sky beast (D:5)
  2 ice beasts
  A phantom (D:7)
  An ogre (D:5)
  2 centaurs (D:6)
  A big kobold (D:9)
  6 bullfrogs
  A water moccasin zombie (D:7)
  2 scorpions
  3 killer bees (D:8)
  4 wights (D:7)
  A howler monkey (D:7)
  A crimson imp (D:9)
  Crazy Yiuf (D:4)
  2 hounds
  An iron imp (D:9)
  A gnoll shaman (D:4)
  2 bullfrog skeletons
  5 orc priests
  13 orc wizards
  Jessica (D:3)
  Ijyb (D:5)
  3 iguanas
  8 worker ants
  13 gnolls
  7 adders
  A shadow imp (D:9)
  2 white imps
  3 ufetubi
  4 oozes
  2 adder zombies
  2 adder skeletons
  2 worms (D:3)
  A dart slug (D:1)
  5 leopard geckos
  42 orcs
  6 giant cockroaches
  5 hobgoblins
  3 jackals (D:5)
  11 kobolds
  6 quokkas
  A ball python (D:1)
  7 bats
  4 frilled lizards
  3 goblins
  A leopard gecko skeleton (D:5)
  A leopard gecko zombie (D:7)
  6 rats
208 creatures vanquished.

Vanquished Creatures (others)
  A fungus (D:4)
  A plant (D:8)
2 creatures vanquished.

Grand Total: 210 creatures vanquished

Notes
Turn   | Place    | Note
-------+----------+-------------------------------------------
     0 | D:1      | pascalblue the Deep Elf Earth Elementalist began the quest
                  | for the Orb.
     0 | D:1      | Reached XP level 1. HP: 10/10 MP: 6/6
   311 | D:1      | Reached XP level 2. HP: 12/15 MP: 5/8
   884 | D:1      | Reached skill level 4 in Spellcasting
   997 | D:2      | Reached XP level 3. HP: 19/19 MP: 7/10
  2004 | D:2      | Learned a level 3 spell: Stone Arrow
  2443 | D:3      | Reached XP level 4. HP: 24/24 MP: 8/12
  2452 | D:3      | Reached skill level 5 in Spellcasting
  2452 | D:3      | Reached skill level 1 in Conjurations
  2612 | D:3      | Reached XP level 5. HP: 21/28 MP: 14/14
  2819 | D:3      | Reached skill level 5 in Earth Magic
  3365 | D:3      | Noticed Jessica
  3373 | D:3      | Killed Jessica
  3468 | D:3      | Found a glowing golden altar of the Shining One.
  4122 | D:4      | Noticed Edmund
  4147 | D:4      | Killed Edmund
  4148 | D:4      | Reached skill level 6 in Spellcasting
  4148 | D:4      | Reached XP level 6. HP: 8/32 MP: 2/17
  4888 | D:4      | Reached XP level 7. HP: 26/36 MP: 7/19
  5012 | D:4      | Reached skill level 7 in Spellcasting
  5279 | D:4      | Learned a level 5 spell: Lee's Rapid Deconstruction
  5457 | D:4      | Found a runed translucent door.
  5458 | D:4      | Noticed Crazy Yiuf
  5463 | D:4      | Killed Crazy Yiuf
  5568 | D:5      | Entered Level 5 of the Dungeon
  5837 | D:5      | Found Beneph's Jewellery Emporium.
  6310 | D:5      | Reached skill level 8 in Spellcasting
  6361 | D:5      | Reached XP level 8. HP: 41/41 MP: 6/22
  6770 | D:5      | Noticed Ijyb
  6778 | D:5      | Killed Ijyb
  7185 | D:6      | Reached skill level 9 in Spellcasting
  7514 | D:6      | Reached skill level 5 in Conjurations
  7751 | D:6      | Reached skill level 10 in Spellcasting
  7967 | D:6      | Reached XP level 9. HP: 43/45 MP: 23/25
  8446 | D:7      | Found a staircase to the Ecumenical Temple.
  8468 | Temple   | Entered the Ecumenical Temple
  8497 | Temple   | Became a worshipper of Sif Muna the Loreminder
  9365 | D:7      | Reached skill level 11 in Spellcasting
  9660 | D:8      | Found a large runed translucent door.
  9660 | D:8      | Found a large runed translucent door.
  9669 | D:8      | Noticed eooof's ghost (novice DrMo)
  9729 | D:8      | Reached * piety under Sif Muna
  9821 | D:8      | Found Ahatzan's Book Emporium.
  9899 | D:8      | Found Ubesihie's Hydra Hut.
  9900 | D:8      | Noticed a five-headed hydra
  9956 | D:8      | Reached skill level 10 in Earth Magic
  9956 | D:8      | Reached skill level 1 in Invocations
 10035 | D:8      | Noticed Prince Ribbit
 10045 | D:8      | Killed Prince Ribbit
 10697 | D:9      | Noticed a deep elf mage
 10697 | D:9      | Noticed a deep elf mage
 10698 | D:9      | Killed from afar by a deep elf mage

Illustrated notes

Levels and vault maps discovered:
D:1:      scummos_arrival_star, layout_loops_ring, dk_noncrumbling_3
D:2:      minmay_inner_zag, layout_loops_ring
D:3:      layout_basic, general_overflow_altar, uniq_jessica
D:4:      layout_basic, uniq_edmund, uniq_crazy_yiuf_cottage
D:5:      layout_cave_pods, serial_shops, shop, minmay_stone_trees_medium,
          uniq_ijyb
D:6:      layout_gridville
D:7:      layout_layer_cave, temple_pool_b, minmay_crystal_room
D:8:      layout_rooms, ebering_ghost_disaster_area, serial_shops, shop,
          doesnt_shop_hydraphobe, uniq_prince_ribbit1
D:9:      layout_loops_cross, hangedman_minor_magic
Temple:   nicolae_temple_the_god_donut

Skill      XL: |  1  2  3  4  5  6  7  8  9 |
---------------+----------------------------+-----
Spellcasting   | 4 5 6 8 10 11 | 11.8
Earth Magic    | 4 5 6 7 8 10 | 10.3
Conjurations   | 1 2 3 5 6 |  6.5
Invocations    | 2 |  2.1
Dodging        | |  2.4
Stealth        | |  2.4
Transmutations | |  1.1

Action                   |  1- 3 |  4- 6 |  7- 9 || total
-------------------------+-------+-------+-------++-------
Melee: Unarmed           |     4 |       |       ||     4
       Club              |    24 |       |       ||    24
       Hand axe          |    42 |    72 |       ||   114
       Flail             |       |     7 |     8 ||    15
       Quarterstaff      |       |       |    22 ||    22
 Cast: Sandblast         |    28 |    47 |    78 ||   153
       Stone Arrow       |       |    10 |   108 ||   118
       Lee's Rapid Decon |       |       |     8 ||     8
  Use: Scroll            |    11 |     2 |    11 ||    24
       Potion            |       |     3 |       ||     3
 Stab: Sleeping          |    11 |     1 |     2 ||    14
       Paralysed         |       |       |     2 ||     2
Armor: Robe              |    25 |    32 |    20 ||    77
Dodge: Dodged            |    76 |    70 |    62 ||   208
